AoeStats
← Innocent Civil

Arabia

510372025Analyzed
1v1 RM · 1d ago on Sep 30, 2026· 39m 18s· 2 players
Game mode
Random Map
Map size
Tiny (2 player)
Population
200
Speed
Normal
Resources
Standard
Victory
Conquest
Starting age
Dark Age
Ending age
Imperial Age
RankedLock teamsTeams togetherTeam positionsShared explorationLock speedFull tech treeHidden civsTurbo modeCheats
Victory
Defeat
🇵🇱 Ethiopians · Poland
834
+15
🇨🇭 Vietnamese · Switzerland
810
-15
Innocent Civil
7:38 Loom
10:01 Feudal Age
13:03 Wheelbarrow
13:21 Horse Collar
18:51 Fletching
19:01 Padded Archer Armor
18:59 Gold Mining
19:05 Double-Bit Axe
24:43 Castle Age
25:40 Bodkin Arrow
26:00 Leather Archer Armor
25:32 Elite Skirmisher
27:40 Husbandry
31:21 Forging
31:17 Scale Barding Armor
31:32 Thumb Ring
30:48 Crossbowman
32:51 Bloodlines
39:34 Heavy Plow
Kubenko
7:27 Loom
10:08 Feudal Age
10:41 Man-at-Arms
11:09 Double-Bit Axe
15:20 Fletching
21:44 Castle Age
21:50 Crossbowman
22:38 Thumb Ring
22:31 Bodkin Arrow
24:13 Bow Saw
26:54 Padded Archer Armor
27:47 Scale Barding Armor
34:17 Chain Barding Armor
34:13 Leather Archer Armor
36:58 Forging
Connection lost

Rejoining the realm…

Still unreachable

The connection could not be restored.

Session expired

The server has moved on; the page needs a fresh start.